 Dungeon Crawl Stone Soup version 0.24.0-123-gd5b16e6ec5 (webtiles) character file.

Game seed: 13368128437809383213, levelgen mode: deterministic

3698 Bergy the Basher (level 10, -5/58 HPs)
             Began as a Gargoyle Fighter on Jan 1, 2020.
             Was a Believer of Makhleb.
             Killed by divine providence
             ... invoked by an orc priest
              (12 damage)
             ... on level 7 of the Dungeon.
             The game lasted 00:16:15 (6405 turns).

Bergy the Basher (Gargoyle Fighter)                 Turns: 6405, Time: 00:16:17

Health: -5/58      AC: 14    Str: 23    XL:     10   Next: 13%
Magic:  10/10      EV:  8    Int:  9    God:    Makhleb [**....]
Gold:   286        SH: 14    Dex: 11    Spells: 9/9 levels left

rFire    . . .     SeeInvis .   d - +2 whip (flame)
rCold    . . .     Gourm    .   c - +0 shield
rNeg     + . .     Faith    .   b - +0 scale mail
rPois    ∞         Spirit   .   (no helmet)
rElec    +         Reflect  +   (no cloak)
rCorr    .         Harm     .   (no gloves)
MR       .....                  (no boots)
Stlth    ..........             s - +3 amulet of reflection
HPRegen  0.19/turn              k - +2 ring of dexterity
MPRegen  0.12/turn              (no ring)

@: no status effects
A: negative energy resistance 1, electricity resistance, unbreathing,
petrification resistance, rot immunity, AC +7
a: Minor Destruction, Renounce Religion


You were on level 7 of the Dungeon.
You worshipped Makhleb.
Makhleb was pleased with you.
You were not hungry.

You visited 2 branches of the dungeon, and saw 8 of its levels.

You collected 335 gold pieces.
You spent 49 gold pieces at shops.

Inventory:

Hand Weapons
 d - a +2 whip of flaming (weapon)
 h - a +0 morningstar
Armour
 b - a +0 scale mail (worn)
 c - a +0 shield (worn)
 v - a +0 plate armour of cold resistance
Jewellery
 k - a +2 ring of dexterity (left hand)
 s - a +3 amulet of reflection (around neck)
 B - an uncursed ring of protection from magic {unknown}
Wands
 e - a wand of polymorph (9)
 q - a wand of iceblast (12)
 x - a wand of flame (21)
Scrolls
 a - 2 scrolls of magic mapping
 i - a scroll of fog {unknown}
 j - 4 scrolls of enchant armour
 m - a scroll of immolation {unknown}
 n - 2 scrolls of remove curse
 u - 4 scrolls of teleportation
 y - a scroll of noise {unknown}
 C - a scroll of fear
Potions
 g - a potion of curing
 l - a potion of haste
 o - 2 potions of lignification
 p - 3 potions of flight {unknown}
 r - 4 potions of brilliance
 t - a potion of mutation {unknown}
 w - a potion of ambrosia {unknown}
 z - a potion of degeneration {unknown}
 D - a potion of heal wounds
Comestibles
 f - 15 rations


   Skills:
 - Level 4.4 Fighting
 - Level 12.0 Maces & Flails
 + Level 4.8 Armour
 * Level 7.6 Shields


You had 9 spell levels left.
You didn't know any spells.
Your spell library contained the following spells:

 Spells                   Type           Power        Failure   Level  Hunger
 Magic Dart               Conj           #...         95%         1    ##.....
 Searing Ray              Conj           #.....       98%         2    ###....
 Dazzling Spray           Conj/Hex       #.....       100%        3    ####...
 Force Lance              Conj/Tloc      #.......     100%        4    #####..
 Fulminant Prism          Conj/Hex       #.........   100%        4    #####..
 Iskenderun's Mystic Bla  Conj           #.......     100%        4    #####..


Dungeon Overview and Level Annotations

Branches:
Dungeon (7/15)             Temple (1/1) D:4

Altars:
Cheibriados
Dithmenos
Elyvilon
Fedhas
Gozag
Hepliaklqana
Kikubaaqudgha
Makhleb
Nemelex Xobeh
Okawaru
Qazlal
Ru
Sif Muna
Trog
Uskayaw
Vehumet
Wu Jian
Xom
Yredelemnul

Shops:
D:4 %   D:5 :   D:7 *

Annotations:
D:4 2 transporters


Innate Abilities, Weirdness & Mutations

You are resistant to torment.
Your stone body is resilient. (AC +7)
You are immune to poison.
You resist negative energy. (rN+)
You are resistant to electric shocks. (rElec)
You can survive without breathing.
You are immune to petrification.
You are immune to rotting.


Message History

You are confused.
You hit something. You burn something. Something hits you but does no damage.
You bump into the rock wall.
Something hits you but does no damage.
You bump into the rock wall.
You hear some strange, mumbled words.
A puff of flame appears from out of thin air!
The puff of flame hits you but does no damage.
The orc priest begins to cast a cantrip, but forgets the words!
The orc priest invokes the aid of Beogh against you.
Beogh smites you!
A magic dart appears from out of thin air!
The magic dart hits you but does no damage.
You're too confused to move!
You feel less confused.
The orc priest mumbles some strange prayers to Beogh against you.
Beogh smites you!
* * * LOW HITPOINT WARNING * * *
The orc priest invokes the aid of Beogh against you.
Beogh smites you!
You die...

......##....########.........
....####....#### #........o
....# #....#..# #.........
....# #...>#..### #.........
##.## #..#......# #.........
...#####..#.#..#.# #.(.......
...............#.# #.o.......
.).########.#.##.# #'# .....#
#.#.##@####.# ...#.###
#.#.##...ooo# ...#...#
#.#.######### ...#.#.# #.#..
..##.#.# #.### ######.####.#
# #......# ########


You could see 2 orc priests and an orc.

Vanquished Creatures
  Pikel (D:4)
  A hornet (D:6)
  2 hippogriffs (D:6)
  A human (D:7)
  2 hogs (D:7)
  2 yaks (D:7)
  A water moccasin (D:6)
  2 orc warriors (D:6)
  An ice beast (D:5)
  A phantom (D:6)
  3 ogres
  A centaur (D:6)
  A bullfrog (D:6)
  2 scorpions
  A howler monkey (D:5)
  A bullfrog zombie (D:6)
  A centaur zombie (D:5)
  7 orc priests
  2 hounds (D:5)
  2 jellies
  5 orc wizards
  2 iguanas
  8 worker ants
  2 hound skeletons
  4 gnolls (D:6)
  2 adders
  A shadow imp (D:5)
  2 adder skeletons (D:4)
  A worm (D:4)
  2 dart slugs
  4 leopard geckos
  26 orcs
  6 giant cockroaches
  8 goblins
  6 hobgoblins
  7 jackals
  6 kobolds
  5 quokkas
  2 ball pythons
  5 bats
  5 frilled lizards
  A leopard gecko skeleton (D:4)
  A leopard gecko zombie (D:5)
  A quokka skeleton (D:5)
  A quokka zombie (D:5)
  6 rats
154 creatures vanquished.

Vanquished Creatures (others)
  An orc wizard (D:4)
  An adder (D:4)
2 creatures vanquished.

Grand Total: 156 creatures vanquished

Notes
Turn   | Place    | Note
-------+----------+-------------------------------------------
     0 | D:1      | Bergy the Gargoyle Fighter began the quest for the Orb.
     0 | D:1      | Reached XP level 1. HP: 14/14 MP: 1/1
    50 | D:1      | Reached XP level 2. HP: 19/19 MP: 2/2
   179 | D:1      | Reached skill level 3 in Maces & Flails
   576 | D:1      | Reached XP level 3. HP: 20/23 MP: 3/3
   849 | D:2      | You fall into a shaft and drop 1 floor!
  1140 | D:2      | Reached skill level 4 in Maces & Flails
  1313 | D:2      | Reached XP level 4. HP: 25/28 MP: 4/4
  2138 | D:4      | Found a transporter.
  2149 | D:4      | Noticed a slave
  2150 | D:4      | Noticed a slave
  2151 | D:4      | Noticed Pikel
  2151 | D:4      | Noticed a slave
  2151 | D:4      | Noticed a slave
  2179 | D:4      | Killed Pikel
  2179 | D:4      | Reached skill level 7 in Maces & Flails
  2179 | D:4      | Reached XP level 5. HP: 18/32 MP: 5/5
  2179 | D:4      | Reached XP level 6. HP: 21/37 MP: 6/6
  2179 | D:4      | Reached XP level 7. HP: 23/41 MP: 7/7
  2363 | D:4      | Reached skill level 8 in Maces & Flails
  2914 | D:4      | Found a sparkling altar of Nemelex Xobeh.
  2942 | D:4      | Found a staircase to the Ecumenical Temple.
  2951 | Temple   | Entered the Ecumenical Temple
  3099 | Temple   | Became a worshipper of Makhleb the Destroyer
  3146 | D:4      | Found a transporter.
  3235 | D:4      | Found Enkol's Food Shoppe.
  3396 | D:5      | Entered Level 5 of the Dungeon
  3465 | D:5      | Reached skill level 9 in Maces & Flails
  3465 | D:5      | Reached XP level 8. HP: 42/46 MP: 8/8
  3609 | D:5      | Found Eteysovo's Book Shop.
  3636 | D:5      | Found a shimmering altar of Xom.
  3696 | D:5      | Found a shimmering altar of Xom.
  3701 | D:5      | Found a shimmering altar of Xom.
  3702 | D:5      | Found a shimmering altar of Xom.
  3703 | D:5      | Found a shimmering altar of Xom.
  3703 | D:5      | Found a shimmering altar of Xom.
  3823 | D:5      | Found a shimmering altar of Xom.
  4002 | D:5      | Reached skill level 10 in Maces & Flails
  4223 | D:5      | Reached * piety under Makhleb
  4590 | D:6      | Noticed a hippogriff
  4613 | D:6      | Killed a hippogriff
  4613 | D:6      | Reached skill level 11 in Maces & Flails
  4613 | D:6      | Reached XP level 9. HP: 46/51 MP: 9/9
  4973 | D:6      | Reached skill level 12 in Maces & Flails
  5665 | D:6      | Noticed a hornet
  5682 | D:6      | Killed a hornet
  5682 | D:6      | Reached skill level 5 in Shields
  5995 | D:7      | Found Kiarph's General Store.
  6018 | D:7      | Bought a scroll of fear for 49 gold pieces
  6097 | D:7      | Reached XP level 10. HP: 56/56 MP: 10/10
  6102 | D:7      | Reached ** piety under Makhleb
  6405 | D:7      | Killed from afar by an orc priest

Levels and vault maps discovered:
D:1:      lightli_arrival_maybe_door_vault, layout_basic, nrook_mini_vaults,
          minmay_ruptured
D:2:      layout_basic
D:3:      layout_rooms, first_ration, grunt_decor_arrowhead
D:4:      gammafunk_wand_slinger, layout_rooms, lemuel_doored_altar,
          minmay_temple_entry_junction, serial_shops, shop_statue,
          serial_co_window_serial, co_window_paths_a, co_window_corner_a,
          co_window_paths_a, co_window_corner_a, co_window_of_opportunity_a,
          co_window_broadway_b, co_window_2corner, co_window_corner_b,
          co_window_corner_b, glass_columns_b, glass_columns_c, uniq_pikel
D:5:      cheibrodos_barr_body, layout_basic, serial_shops, shop,
          nicolae_xom_altar_mimics
D:6:      layout_basic
D:7:      layout_basic, serial_shops, shop, grunt_livestock
Temple:   hc_temple_tempest_star

Skill      XL: |  1  2  3  4  5  6  7  8  9 10 |
---------------+-------------------------------+-----
Maces & Flails | 3 4 7 9 11 12 | 12.0
Shields        | 6 7 |  7.6
Armour         | 4 |  4.8
Fighting       | 4 |  4.4

Action                   |  1- 3 |  4- 6 |  7- 9 | 10-12 || total
-------------------------+-------+-------+-------+-------++-------
Melee: Flail             |   161 |    70 |       |       ||   231
       Whip              |       |       |   512 |    25 ||   537
  Use: Potion            |       |     2 |     3 |       ||     5
       Scroll            |       |       |     8 |       ||     8
  Eat: Chunk             |     2 |     2 |    11 |       ||    15
       Ration            |       |       |     1 |       ||     1
Armor: Scale mail        |   110 |    36 |   131 |     6 ||   283
Dodge: Dodged            |    64 |    18 |    71 |     4 ||   157
Block: Shield            |    95 |    38 |   185 |     4 ||   322
       Reflection        |       |       |     5 |       ||     5
